 Dungeon Crawl Stone Soup version 0.30-a0-867-g305f33218d (webtiles) character file.

Game seed: 10709962355307474633

1640742 freelancePsychic the Englaciator (level 26, 224/224 HPs)
             Began as a Vampire Wanderer on Mar 8, 2023.
             Was the Champion of Sif Muna.
             Escaped with the Orb
             ... and 3 runes on Mar 10, 2023!
             The game lasted 03:18:39 (71901 turns).

freelancePsychic the Englaciator (VpWn)            Turns: 71901, Time: 03:18:40

Health: 224/224    AC: 17    Str:  8    XL:     26   Next: 41%
Magic:  36/36      EV: 28    Int: 31    God:    Sif Muna [******]
Gold:   5099       SH: 16    Dex: 19    Spells: 5/44 levels left

rFire   + + +      SeeInvis +    w - +18 lance "Wyrmbane" {slay drac, rPois rF+ rC+ AC+3}
rCold   . . .      Faith    .    k - +3 warlock's mirror {omnireflect}
rNeg    + . .      Spirit   .    g - +3 salamander hide armour {Flames, rFlCloud rF++ rC--}
rPois   +          Reflect  +    T - -2 hat of the Alchemist {rElec rPois rF+ rC+ rN+ Will+ rMut rCorr}
rElec   +          Rampage  +    D - +1 cloak of Starlight {*Dazzle EV+4 Stlth--}
rCorr   +                        O - +2 pair of gloves
rMut    +                        i - +2 pair of boots {rampage}
Will    +++..                    N - amulet "Roxty" {Reflect +Inv Regen+ rCorr Dex-2 SH+5}
Stlth   +                        A - ring of wizardry
HPRegen 1.57/turn                j - ring "Davilih" {rC+ Int+6 Dex+5}
MPRegen 0.25/turn

@: healing quickly, studying 3 skills
A: alive, fangs 3, see invisible, vampiric 2, hooves 1, weak 1, wild magic 1,
cold vulnerability 1
0: Orb of Zot
}: 3/15 runes: barnacled, slimy, gossamer
a: Exsanguinate, Renounce Religion, Evoke Invisibility, Channel Magic, Forget
Spell, Divine Exegesis


You escaped.
You worshipped Sif Muna.
Sif Muna was exalted by your worship.
You visited 12 branches of the dungeon, and saw 55 of its levels.
You also visited: Trove, Bailey and Gauntlet.

You collected 9266 gold pieces.
You spent 4167 gold pieces at shops.

Inventory:

Hand Weapons
 w - the +18 lance "Wyrmbane" (weapon) {slay drac, rPois rF+ rC+ AC+3}
   (You took it off a deep elf elementalist on level 3 of the Elven Halls)

   AC:        It affects your AC (+3).
   rF:        It protects you from fire.
   rC:        It protects you from cold.
   rPois:     It protects you from poison.
Missiles
 y - 9 throwing nets
Armour
 g - the +3 salamander hide armour (worn) {Flames, rFlCloud rF++ rC--}
   (You found it on level 1 of the Depths)

   Flames:    It surrounds you with flame clouds and enhances your fire magic.
   rFlCloud:  It grants immunity to flame clouds.
   rF:        It greatly protects you from fire.
   rC:        It makes you very vulnerable to cold.
 i - a +2 pair of boots of rampaging (worn)
 k - the +3 warlock's mirror (worn) {omnireflect}
   (You found it on level 4 of the Shoals)

   Omnireflect: It can block and reflect piercing ranged attacks and magical
   attacks against the wielder's willpower.
 r - a +3 leather armour of fire resistance
 D - the +1 cloak of Starlight (worn) {*Dazzle EV+4 Stlth--}
   (You found it on level 3 of the Elven Halls)

   *Dazzle:   It may blind those who miss an attack against the wearer in melee
   combat.
   EV:        It affects your evasion (+4).
   Stlth:     It makes you much less stealthy.
 O - a +2 pair of gloves (worn)
 T - the -2 hat of the Alchemist (worn) {rElec rPois rF+ rC+ rN+ Will+ rMut rCorr}
   (You found it on level 3 of the Lair of Beasts)

   rF:        It protects you from fire.
   rC:        It protects you from cold.
   rElec:     It insulates you from electricity.
   rPois:     It protects you from poison.
   rN:        It protects you from negative energy.
   rCorr:     It protects you from acid and corrosion.
   rMut:      It protects you from mutation.
   Will:      It increases your willpower.
Jewellery
 b - a +6 ring of dexterity
 e - the amulet of the Four Winds {rN+ Will+++ Clar}
   (You took it off a wight on level 3 of the Crypt)

   [amulet of nothing]

   rN:        It protects you from negative energy.
   Clar:      It protects you against confusion.
   Will:      It greatly increases your willpower.
 j - the ring "Davilih" (right hand) {rC+ Int+6 Dex+5}
   (You took it off a deep elf knight on level 3 of the Elven Halls)

   [ring of intelligence]

   Int:       It affects your intelligence (+6).
   Dex:       It affects your dexterity (+5).
   rC:        It protects you from cold.
 A - a ring of wizardry (left hand)
 N - the amulet "Roxty" (around neck) {Reflect +Inv Regen+ rCorr Dex-2 SH+5}
   (You acquired it on level 3 of the Crypt)

   [amulet of reflection]

   It reflects blocked missile attacks.
   Dex:       It affects your dexterity (-2).
   +Inv:      It lets you turn invisible.
   Regen:     It increases your rate of health regeneration.
   rCorr:     It protects you from acid and corrosion.
   SH:        It affects your SH (+5).
 P - an amulet of the acrobat
 Y - a ring of protection from fire
Wands
 a - a wand of digging (25)
 F - a wand of flame (58)
 K - a wand of polymorph (9)
 L - a wand of paralysis (56) (quivered)
 S - a wand of quicksilver (33)
 X - a wand of iceblast (33)
 Z - a wand of mindburst (21)
Scrolls
 d - 5 scrolls of fog
 l - 12 scrolls of teleportation {@r4}
 o - 2 scrolls of enchant weapon
 p - 12 scrolls of amnesia
 s - 6 scrolls of torment
 v - 8 scrolls of fear
 z - 2 scrolls of blinking
 C - 2 scrolls of enchant armour
 I - 3 scrolls of immolation
 J - 2 scrolls of butterflies
 R - 7 scrolls of magic mapping
 U - 5 scrolls of silence
Potions
 f - 14 potions of curing {@q1}
 m - 11 potions of might
 n - 4 potions of berserk rage
 q - 3 potions of resistance
 t - 7 potions of brilliance
 u - 3 potions of cancellation
 x - 10 potions of mutation
 B - 12 potions of attraction
 G - 15 potions of lignification
 H - 9 potions of flight
 M - 6 potions of magic
 V - 2 potions of haste {@q3}
 W - 7 potions of ambrosia
Miscellaneous
 c - a phial of floods
 h - a condenser vane


   Skills:
 + Level 21.7 Fighting
 - Level 1.4 Short Blades
 - Level 9.9(12.0) Polearms
 - Level 10.0(11.4) Staves
 - Level 7.5 Armour
 + Level 19.3 Dodging
 - Level 9.0 Stealth
 - Level 13.8 Shields
 - Level 1.6 Unarmed Combat
 - Level 9.6 Spellcasting
 - Level 6.0 Conjurations
 - Level 6.9 Hexes
 - Level 12.0 Transmutations
 O Level 27 Ice Magic
 - Level 1.3 Air Magic
 - Level 11.0 Poison Magic
 - Level 9.0 Invocations
 - Level 2.6 Evocations


You had 5 spell levels left.
You knew the following spells:

 Your Spells              Type           Power      Damage    Failure   Level
a - Eringya's Noxious Bo  Tmut/Pois      42%        N/A       4%          6
b - Ozocubu's Refrigerat  Ice            63%        4d21      1%          7
c - Ignite Poison         Fire/Tmut/Pois 89%        N/A       1%          3
d - Polar Vortex          Ice            63%        N/A       5%          9
e - Yara's Violent Unrav  Hex/Tmut       38%        3d15      2%          5
f - Olgreb's Toxic Radia  Pois           83%        N/A       1%          4
h - Irradiate             Conj/Tmut      37%        3d24      2%          5

Your spell library contained the following spells:

 Spells                   Type           Power      Damage    Failure   Level
 Beastly Appendage        Tmut           100%       N/A       1%          1
 Foxfire                  Conj/Fire      100%       2x1d9     1%          1
 Freeze                   Ice            100%       1d10      1%          1
 Kiss of Death            Conj/Necr      100%       2d13      1%          1
 Magic Dart               Conj           100%       1d8       1%          1
 Shock                    Conj/Air       100%       1d9       1%          1
 Slow                     Hex            100%       N/A       1%          1
 Sting                    Tmut/Pois      100%       1d8       1%          1
 Cigotuvi's Dreadful Rot  Necr/Pois/Air  100%       N/A       1%          2
 Ensorcelled Hibernation  Hex/Ice        100%       N/A       1%          2
 Momentum Strike          Conj/Tloc      86%        3d10      1%          2
 Passwall                 Tmut/Erth      50%        N/A       1%          2
 Poisonous Vapours        Pois/Air       100%       N/A       1%          2
 Searing Ray              Conj           100%       2d8       1%          2
 Static Discharge         Conj/Air       96%        2-6/arc   1%          2
 Wereblood                Tmut           86%        N/A       1%          2
 Confusing Touch          Hex            66%        N/A       1%          3
 Dazzling Flash           Conj/Hex       100%       N/A       1%          3
 Frozen Ramparts          Ice            100%       1d16      1%          3
 Hailstorm                Conj/Ice       100%       3d20      1%          3
 Mephitic Cloud           Conj/Pois/Air  62%        N/A       1%          3
 Ozocubu's Armour         Ice            100%       N/A       1%          3
 Spider Form              Tmut/Pois      84%        N/A       1%          3
 Tukima's Dance           Hex            66%        N/A       1%          3
 Ice Form                 Ice/Tmut       100%       N/A       1%          4
 Summon Ice Beast         Ice/Summ       91%        N/A       1%          4
 Alistair's Intoxication  Tmut/Pois      56%        N/A       1%          5
 Blade Hands              Tmut           43%        N/A       1%          5
 Freezing Cloud           Conj/Ice/Air   42%        6-21      1%          5
 Metabolic Englaciation   Hex/Ice        51%        N/A       1%          5
 Inner Flame              Hex/Fire       63%        N/A       2%          3
 Portal Projectile        Hex/Tloc       94%        N/A       2%          3
 Summon Guardian Golem    Hex/Summ       47%        N/A       2%          3
 Cause Fear               Hex            33%        N/A       2%          4
 Fulminant Prism          Conj/Hex       32%        3d16      2%          4
 Apportation              Tloc           38%        N/A       3%          1
 Necrotise                Necr           76%        1d7       3%          1
 Sandblast                Erth           38%        2d10      3%          1
 Summon Small Mammal      Summ           76%        N/A       3%          1
 Stone Arrow              Conj/Erth      86%        3d12      3%          3
 Petrify                  Tmut/Erth      61%        N/A       3%          4
 Blink                    Tloc           38%        N/A       5%          2
 Call Imp                 Summ           19%        N/A       5%          2
 Lesser Beckoning         Tloc           38%        N/A       5%          2
 Scorch                   Fire           58%        2d7       5%          2
 Sublimation of Blood     Necr           19%        N/A       5%          2
 Vhi's Electric Charge    Tloc/Air       48%        N/A       7%          3
 Anguish                  Hex/Necr       23%        N/A       8%          4
 Leda's Liquefaction      Hex/Erth       23%        N/A       8%          4
 Iskenderun's Battlesphe  Conj           61%        2d11      8%          5
 Call Canine Familiar     Summ           19%        N/A       9%          3
 Gell's Gravitas          Tloc           19%        N/A       9%          3
 Kindle Blastsparks       Fire/Tloc/Air  68%        2d15      9%          3
 Teleport Other           Tloc           19%        N/A       9%          3
 Vampiric Draining        Necr           19%        2d7       9%          3
 Flame Wave               Conj/Fire      60%        2d14      9%          4
 Iskenderun's Mystic Bla  Conj/Tloc      43%        2d10      9%          4
 Sticky Flame             Conj/Fire      60%        2d8       9%          4
 Silence                  Hex/Air        25%        N/A       14%         5
 Airstrike                Air            14%        2d(3-19)  16%         4
 Arcjolt                  Conj/Air       24%        1d34      17%         5
 Lightning Bolt           Conj/Air       24%        1d39      17%         5
 Summon Mana Viper        Hex/Summ       47%        N/A       19%         5
 Summon Lightning Spire   Summ/Air       24%        N/A       21%         4
 Fireball                 Conj/Fire      30%        3d13      22%         5
 Animate Armour           Summ/Erth      38%        N/A       26%         4
 Animate Dead             Necr           19%        N/A       26%         4
 Dispel Undead            Necr           19%        3d11      26%         4
 Manifold Assault         Tloc           19%        N/A       26%         4
 Passage of Golubria      Tloc           19%        N/A       26%         4
 Borgnjor's Vile Clutch   Necr/Erth      9%         N/A       56%         5
 Lee's Rapid Deconstruct  Erth           9%         3d7*      56%         5
 Summon Forest            Summ/Tloc      9%         N/A       56%         5
 Simulacrum               Ice/Necr       45%        N/A       2%          6
 Dragon Form              Tmut           43%        N/A       17%         7
 Statue Form              Tmut/Erth      40%        N/A       32%         6
 Conjure Ball Lightning   Conj/Air       24%        3x3d7     63%         6
 Iron Shot                Conj/Erth      21%        9d5       71%         6
 Starburst                Conj/Fire      30%        6d9       71%         6
 Enfeeble                 Hex            33%        N/A       73%         7
 Storm Form               Tmut/Air       32%        N/A       77%         7
 Orb of Destruction       Conj           30%        9d10      85%         7
 Dispersal                Tloc           9%         N/A       97%         6
 Summon Cactus Giant      Summ           9%         N/A       97%         6
 Spellforged Servitor     Conj/Summ      21%        N/A       99%         7
 Haunt                    Necr/Summ      9%         N/A       100%        7
 Malign Gateway           Summ/Tloc      9%         N/A       100%        7
 Monstrous Menagerie      Summ           9%         N/A       100%        7
 Summon Hydra             Summ           9%         N/A       100%        7
 Discord                  Hex            33%        N/A       100%        8
 Disjunction              Tloc           9%         N/A       100%        8
 Ignition                 Fire           14%        3d6       100%        8
 Infestation              Necr           9%         N/A       100%        8
 Lehudib's Crystal Spear  Conj/Erth      21%        10d6      100%        8
 Maxwell's Capacitive Co  Air            14%        ∞         100%        8
 Summon Horrible Things   Summ           9%         N/A       100%        8
 Chain Lightning          Conj/Air       24%        3d32      100%        9
 Dragon's Call            Summ           9%         N/A       100%        9
 Fire Storm               Conj/Fire      30%        8d8       100%        9


Dungeon Overview and Level Annotations

Branches:
Dungeon (15/15)            Temple (0/1) D:6            Lair (5/5) D:11
 Shoals (4/4) Lair:2       Spider (4/4) Lair:3        Slime (5/5) Lair:4
    Orc (2/2) D:10            Elf (3/3) Orc:2        Vaults (4/5) D:14
  Crypt (3/3) Vaults:3       Tomb (0/3) Crypt:3      Depths (4/4) D:15
   Hell (visited)             Dis (0/7) Hell            Geh (0/7) Hell
    Coc (0/7) Hell            Tar (0/7) Hell            Zot (5/5) Depths:4
 Bailey (visited)         Gauntlet (visited)

Altars:
Dithmenos
Fedhas
Gozag
Makhleb
Ru
Sif Muna
Uskayaw
Vehumet
Lugonu

Shops:
D:8 :   Orc:1 :   Orc:2 [:*[   Elf:1 (::=(*(   Elf:2 *   Shoals:1 *
Shoals:2 *   Vaults:2 *:   Depths:2 *

Portals:
Hell: Depths:1 Depths:2 Depths:3 Depths:4
Abyss: Depths:1 Depths:2 Depths:3
Pandemonium: Depths:2
Ziggurat: Depths:3

Annotations:
D:3 exclusions: wight and 1 more exclusion
Shoals:1 3 runed translucent doors
Spider:1 exclusions: ghost moth and redback
Spider:2 1 runed translucent door, exclusion: ghost moth, Fogaerej's ghost, adept AtBe
Elf:2 5 runed translucent doors
Elf:3 6 transporters
Vaults:3 Mennas
Crypt:1 1 runed door


Innate Abilities, Weirdness & Mutations

Your natural rate of healing is accelerated.
You have razor-sharp teeth.
You have supernaturally acute eyesight. (SInv)
You are afflicted with vampirism and can become a bat while bloodless.
You have large cloven feet.
You are weak. (Str -2)
Your spells are a little harder to cast, but a little more powerful.
You are vulnerable to cold. (rC-)


Message History

a +0 robe; a +0 dagger The Orb Guardian is engulfed in blazing flames.
You block the Orb Guardian's attack.
The lich gestures wildly while chanting.
The lich seems to speed up.
You climb upwards.
There is a stone staircase leading down here.
You impale the Orb Guardian!!
The Orb Guardian is almost dead.
The Orb Guardian is engulfed in blazing flames.
The Orb Guardian closely misses you.
You puncture the Orb Guardian!
You kill the Orb Guardian!
Sif Muna accepts your kill.
No target in view!
(D) Dungeon (T) Temple (L) Lair (A) Shoals (N) Spider Nest (M) Slime Pits (O) Orcish Mines (E) Elven Halls (V) Vaults (C) Crypt (W) Tomb (U) Depths (H) Hell (I) Dis (G) Gehenna (X) Cocytus (Y) Tartarus (Z) Zot
Where to? (Enter - D:1 @ (x,y), ? - help)
There is a stone staircase leading up here.
You climb upwards.
There is a stone staircase leading down here.
HP restored.
There is a stone staircase leading up here.
You climb upwards.
There is a stone staircase leading down here.
There is a stone staircase leading up here.
You climb upwards.
There is a stone staircase leading down here.
There is a stone staircase leading up here.
You climb upwards.
Level annotation: exclusions: wight and 1 more exclusion
There is a stone staircase leading down here.
There is a stone staircase leading up here.
You climb upwards.
There is a stone staircase leading down here.
There is a stone staircase leading up here.
You climb upwards.
There is a stone staircase leading down here.
There is an open door here.
There is a staircase leading out of the dungeon here.
You have escaped!

.........##..## ###.#
............## #.##
..........### #..##
...........###########..#
...............)........#
...............°○.......#
..............##○##.....#
.............##.☼○##....#
#######....).#.°@°.#....#
#.>....##○○○##....##
###.....##+##......#
#..............#.#
#..............#.#
#############..#.#
#..#..# #.#..## #...##


There were no monsters in sight!

Vanquished Creatures
  Dissolution (Slime:2)
  the Royal Jelly (Slime:5)
  3 dread liches (Zot:5)
  3 ancient liches
  6 orbs of fire (Zot:5)
  Mara (Shoals:4)
  A juggernaut (Depths:2)
  2 Killer Klowns (Zot:5)
  Saint Roka (Vaults:1)
  Xtahua (Vaults:3)
  Frederick (Vaults:3)
  Bai Suzhen (Spider:3)
  Geryon (Hell)
  10 caustic shrikes
  Jory (Crypt:2)
  8 golden dragons
  2 bone dragons (Crypt:3)
  A Brimstone Fiend (D:12)
  2 electric golems (Zot:5)
  Jorgrun (Spider:3)
  A tainted leviathan (Hell)
  3 titans
  7 tentacled monstrosities
  Asterion (Vaults:3)
  2 deep elf master archers (Elf:3)
  28 Orb Guardians
  A quicksilver dragon (shapeshifter) (Depths:1)
  2 deep elf blademasters (Elf:3)
  4 quicksilver dragons
  19 acid blobs
  5 ancient champions
  4 sphinxes
  Polyphemus (Shoals:3)
  An Executioner (Zot:5)
  2 death cobs
  A kraken (Shoals:3)
  Donald (Elf:1)
  5 storm dragons
  8 azure jellies
  6 shadow dragons
  A pandemonium lord (D:12)
  3 draconian monks
  3 revenants (Crypt:3)
  7 draconian knights
  2 fire giants
  11 vault wardens
  An iron dragon (Depths:2)
  5 deep elf sorcerers
  10 rockslimes
  3 draconian scorchers
  3 balrugs
  Aizul (Elf:1)
  7 ghost moths
  5 emperor scorpions
  8 frost giants
  2 draconian shifters
  3 spectral caustic shrikes (Depths:4)
  2 orc warlords
  7 deep elf elementalists (Elf:3)
  6 curse skulls
  3 draconian stormcallers
  Louise (Spider:3)
  6 quicksilver oozes (Slime:5)
  A draconian annihilator (Zot:1)
  A cacodemon (Depths:2)
  16 ironbound preservers
  12 ghouls
  A war gargoyle (Vaults:4)
  A broodmother (Spider:3)
  5 ironbound thunderhulks
  A juggernaut skeleton (Crypt:1)
  5 reapers
  14 stone giants
  19 very ugly things
  3 putrid mouths (Hell)
  A caustic shrike skeleton (Crypt:3)
  A minotaur (Gauntlet)
  6 deep elf demonologists
  7 black draconians
  8 green draconians
  3 white draconians
  A lorocyproca (Hell)
  3 yellow draconians
  6 vampire knights
  10 deep elf annihilators
  5 dire elephants
  4 spark wasps (Depths:3)
  3 purple draconians
  6 red draconians
  4 merfolk impalers
  2 blizzard demons
  6 eidola
  4 merfolk javelineers
  5 entropy weavers
  8 ettins
  7 deep elf death magi
  11 great orbs of eyes
  7 jiangshi
  16 fire dragons
  3 crystal guardians
  3 deep elf high priests
  9 yaktaur captains
  The ghost of Yha Fil the Grappler, a journeyman TrCK of Xom (Lair:1)
  Josephine (Lair:4)
  14 vault guards
  3 ice dragons
  3 hydras
  3 rakshasas
  A spriggan skeleton (Crypt:3)
  An Orb Guardian zombie (Crypt:1)
  3 catoblepae
  A peacekeeper (Vaults:2)
  13 ironbound frosthearts
  3 jorogumos
  3 salamander tyrants (Depths:1)
  2 radroaches
  A hell beast (Zot:1)
  3 death knights (Crypt:2)
  An ogre mage (D:15)
  6 spriggan air magi
  4 merfolk avatars
  6 boulder beetles
  9 dancing weapons
  14 centaur warriors
  10 tengu warriors
  2 alligator snapping turtles (Shoals:4)
  17 death yaks
  7 two-headed ogres
  6 deep troll shamans
  7 merfolk aquamancers
  11 deep troll earth magi
  A satyr (Shoals:4)
  A satyr (shapeshifter) (Depths:4)
  3 vampire magi
  2 hell hogs (Hell)
  2 spriggan berserkers (Depths:4)
  4 orc high priests (Orc:2)
  12 soul eaters
  18 sun demons
  6 titan skeletons (Crypt:3)
  5 skysharks
  22 skeletal warriors
  11 deep elf knights
  26 hell knights
  5 pharaoh ants
  10 iron trolls
  3 crystal echidnas (Hell)
  5 shadow wraiths
  2 flayed ghosts
  58 deep trolls
  2 sixfirhies
  11 orb spiders
  A glowing orange brain (Vaults:2)
  A sun moth (Spider:1)
  A storm dragon skeleton (Crypt:3)
  11 lindwurms
  12 sea snakes
  4 deep elf archers
  3 anaconda skeletons
  An iron giant skeleton (Crypt:3)
  2 bog bodies
  A bunyip skeleton (Crypt:2)
  26 deep elf pyromancers
  13 harpies
  11 phantasmal warriors
  27 deep elf zephyrmancers
  9 wizards
  17 necromancers
  20 ironbound convokers
  5 orc sorcerers
  10 shining eyes
  7 orc knights
  4 steelbarb worms
  A shadow dragon skeleton (Vaults:2)
  4 oklob plants (Lair:4)
  A human zombie (Vaults:2)
  A shining eye (shapeshifter) (Vaults:4)
  An eleionoma skeleton (Crypt:3)
  2 fauns (Shoals:3)
  13 cyclopes
  A manticore (shapeshifter) (Elf:1)
  A salamander (shapeshifter) (Depths:2)
  19 manticores
  19 wolf spiders
  A centaur zombie (Crypt:2)
  3 merfolk sirens
  A rust devil (Hell)
  41 ugly things
  A sphinx skeleton (Vaults:3)
  A goliath frog skeleton (Crypt:3)
  20 moths of wrath
  22 vault sentinels
  An apocalypse crab (Gauntlet)
  5 water nymphs
  11 black mambas
  A guardian serpent (Lair:5)
  32 elephants
  5 torpor snails
  4 eyes of devastation
  A black mamba (shapeshifter) (Elf:1)
  2 smoke demons
  A yellow draconian zombie (Crypt:1)
  10 cane toads
  Maggie (Lair:2)
  A dire elephant skeleton (Crypt:3)
  4 demonic crawlers
  A sea snake zombie (Hell)
  An alligator snapping turtle skeleton (Crypt:1)
  2 gargoyles
  A yaktaur zombie (Vaults:3)
  6 komodo dragons
  A hellion (D:14)
  An unseen horror (D:10)
  7 rime drakes
  A komodo dragon (shapeshifter) (Elf:3)
  4 freezing wraiths
  An efreet (D:13)
  A naga skeleton (Crypt:2)
  42 yaktaurs
  3 tengu conjurers
  2 red devils
  11 polar bears
  A red draconian skeleton (Crypt:1)
  An unseen horror skeleton (Crypt:2)
  9 trolls
  A human skeleton (Vaults:3)
  35 merfolk
  A hornet (shapeshifter) (Elf:2)
  4 wind drakes
  2 hydra zombies (Hell)
  A death yak skeleton (Crypt:3)
  7 meliai
  A death drake skeleton (Crypt:3)
  29 tarantellas
  11 hornets
  10 blink frogs
  A raiju (Lair:5)
  115 slime creatures
  A human simulacrum (Vaults:2)
  4 snapping turtles
  4 dream sheep
  23 jumping spiders
  A spriggan (shapeshifter) (Elf:2)
  4 air elementals (Elf:3)
  A meliai zombie (Crypt:1)
  2 large abominations (Zot:5)
  4 shadows (Gauntlet)
  26 culicivoras
  15 wyverns
  A vampire (D:10)
  3 basilisks
  25 water elementals
  12 wraiths
  3 ettin skeletons
  25 yaks
  2 black mamba skeletons
  2 fire elementals
  A wind drake zombie (Crypt:3)
  A basilisk (shapeshifter) (D:15)
  A hog (shapeshifter) (D:15)
  49 redbacks
  A golden eye (Slime:4)
  A sea snake simulacrum (Hell)
  3 steam dragons
  2 vampire mosquitoes (D:12)
  A neqoxec (Depths:2)
  Menkaure (D:7)
  A two-headed ogre zombie (Crypt:2)
  A fire bat skeleton (Crypt:3)
  A glowing shapeshifter zombie (Vaults:2)
  A skyshark zombie (Crypt:2)
  11 wargs
  4 acid dragons
  24 water moccasins
  A glowing shapeshifter skeleton (Vaults:2)
  2 floating eyes (Depths:1)
  19 hell hounds
  A swamp drake (D:10)
  12 black bears
  An ice beast (D:7)
  34 orc warriors
  A blink frog zombie (Crypt:1)
  14 ogres
  11 boggarts
  10 centaurs
  28 wolves
  15 bullfrogs
  A necrophage (Crypt:3)
  6 kobold brigands
  A yaktaur skeleton (Crypt:2)
  7 scorpions
  An earth elemental (Elf:3)
  6 gnoll sergeants
  A glowing shapeshifter simulacrum (Vaults:3)
  19 wights
  A raiju zombie (Crypt:3)
  A troll zombie (Crypt:1)
  A hornet simulacrum (D:14)
  A water moccasin skeleton (Crypt:2)
  A warg zombie (Crypt:3)
  17 killer bees
  4 howler monkeys (D:7)
  4 electric eels
  A lava snake (D:14)
  17 hounds
  25 orc priests
  A jelly (D:8)
  2 iguanas
  A sleepcap (D:5)
  26 orc wizards
  7 hell rats (Hell)
  2 boggart simulacra
  A hound skeleton (Crypt:1)
  24 gnolls
  A river rat (Lair:3)
  3 adders
  A swamp drake skeleton (Crypt:2)
  3 white imps
  A lava snake zombie (Crypt:2)
  A worm (D:5)
  4 dart slugs
  107 orcs
  8 endoplasms
  3 giant cockroaches
  11 goblins
  8 hobgoblins
  8 jackals
  25 kobolds
  2 quokkas
  6 ball pythons
  5 frilled lizards
  10 rats
  A butterfly (Lair:4)
  2 creeping infernos (Hell)
  12 fire vortices (Hell)
  3 tentacles (Shoals:3)
2390 creatures vanquished.

Vanquished Creatures (collateral kills)
  A lich (Crypt:3)
  2 jiangshi (Crypt:3)
  2 spriggan skeletons (Crypt:3)
  A vampire mage (Crypt:3)
  6 skeletal warriors (Crypt:3)
  A titan skeleton (Crypt:3)
  An anaconda skeleton (Crypt:3)
  Pikel (D:7)
  2 bunyip skeletons (Crypt:3)
  A dire elephant skeleton (Crypt:3)
  A harpy skeleton (Crypt:3)
  A naga skeleton (Crypt:3)
  5 wights (Crypt:3)
  A gnoll (D:1)
  An endoplasm (D:1)
  A jackal (D:2)
  A quokka (D:1)
29 creatures vanquished.

Vanquished Creatures (others)
  A draconian knight (Vaults:3)
  A vault warden (Vaults:3)
  A deep elf zephyrmancer (Elf:3)
  A water elemental (Shoals:4)
  An electric eel (Spider:4)
  An orc (Orc:2)
  A creeping inferno (Hell)
  A fire vortex (Hell)
  47 fungi
  276 plants
  5 tentacles (Shoals:3)
  8 withered plants (Crypt:3)
344 creatures vanquished.

Grand Total: 2763 creatures vanquished

Notes
Turn   | Place    | Note
-------+----------+-------------------------------------------
     0 | D:1      | freelancePsychic the Vampire Wanderer began the quest for
                  | the Orb.
     0 | D:1      | freelancePsychic set off with the following items: a +0
                  | dagger, an atropa-tipped dart, 2 datura-tipped darts, a
                  | scroll of fog, a wand of flame (4), a potion of berserk
                  | rage, a +0 robe.
     0 | D:1      | Reached XP level 1. HP: 15/15 MP: 1/1
    77 | D:1      | Reached XP level 2. HP: 21/21 MP: 2/2
   373 | D:1      | Gained mutation: You are afflicted with vampirism and can
                  | become a bat while bloodless. [Vampire growth]
   373 | D:1      | Reached XP level 3. HP: 27/27 MP: 3/3
   725 | D:1      | Reached skill level 1 in Air Magic
   733 | D:1      | Reached skill level 1 in Poison Magic
   959 | D:2      | Learned a level 2 spell: Poisonous Vapours
  1419 | D:2      | Reached XP level 4. HP: 33/33 MP: 4/4
  1550 | D:3      | Reached skill level 1 in Short Blades
  1634 | D:3      | Found a shadowy altar of Dithmenos.
  1637 | D:3      | Found a shimmering blue altar of Sif Muna.
  1649 | D:3      | Became a worshipper of Sif Muna the Loreminder
  1881 | D:3      | Found a sacrificial altar of Ru.
  1987 | D:3      | Found a radiant altar of Vehumet.
  2011 | D:3      | Identified a scroll of acquirement
  2011 | D:3      | Acquired the ring of Vanity {rPois rN+ Int+5 Stlth-}
  2140 | D:3      | Acquired a manual of Staves
  2286 | D:3      | Reached XP level 5. HP: 37/39 MP: 5/5
  2579 | D:4      | Found a burning altar of Makhleb.
  2605 | D:4      | Identified the +1 leather armour of Fae Birdsong {rElec
                  | rN+++ Str-2 Dex-3}
  2630 | D:4      | Noticed an ogre
  2643 | D:4      | Reached skill level 1 in Staves
  2666 | D:4      | Reached * piety under Sif Muna
  2849 | D:4      | Reached XP level 6. HP: 45/47 MP: 6/6
  2898 | D:4      | Identified the +7 chain mail of Dice, Bag, and Bottle
                  | {rCorr Int-2 Dex+9 Slay+5}
  3266 | D:5      | Entered Level 5 of the Dungeon
  3329 | D:5      | Reached XP level 7. HP: 43/52 MP: 7/7
  3459 | D:5      | Noticed a steam dragon
  3471 | D:5      | Killed a steam dragon
  3472 | D:5      | Reached skill level 5 in Staves
  3586 | D:5      | Found an opulent altar of Gozag.
  3899 | D:5      | Learned a level 4 spell: Olgreb's Toxic Radiance
  3996 | D:6      | Found a staircase to the Ecumenical Temple.
  4076 | D:6      | Reached XP level 8. HP: 38/60 MP: 8/8
  4493 | D:6      | Reached ** piety under Sif Muna
  4858 | D:7      | Noticed Menkaure
  4867 | D:7      | Killed Menkaure
  4900 | D:7      | Reached skill level 5 in Poison Magic
  4933 | D:7      | Reached skill level 5 in Stealth
  5184 | D:7      | Noticed Pikel
  5221 | D:7      | Killed Pikel
  5222 | D:7      | Reached XP level 9. HP: 38/65 MP: 9/9
  5347 | D:7      | Reached skill level 1 in Invocations
  5839 | D:7      | Reached *** piety under Sif Muna
  6006 | D:7      | Noticed a two-headed ogre
  6027 | D:7      | Killed a two-headed ogre
  6028 | D:7      | Reached XP level 10. HP: 71/71 MP: 5/13
  6372 | D:7      | Reached skill level 5 in Invocations
  6926 | D:8      | Reached **** piety under Sif Muna
  7120 | D:8      | Reached skill level 1 in Spellcasting
  7631 | D:8      | Found Ziqoll's Tremendous Tomes.
  8051 | D:9      | Reached skill level 5 in Fighting
  8263 | D:9      | Reached ***** piety under Sif Muna
  8429 | D:9      | Noticed a manticore
  8444 | D:9      | Killed a manticore
  8445 | D:9      | Reached XP level 11. HP: 42/80 MP: 8/16
  8461 | D:9      | HP: 4/80 [wyvern (10)]
  9527 | D:10     | Entered Level 10 of the Dungeon
  9532 | D:10     | Reached skill level 1 in Transmutations
  9580 | D:10     | Found a flagged portal.
  9591 | Bailey   | Entered a bailey
  9619 | Bailey   | Received a gift from Sif Muna
  9620 | Bailey   | Got Sif Muna's Disquisition on the Geodesic {god gift}
  9805 | Bailey   | Reached XP level 12. HP: 89/89 MP: 18/18
  9806 | Bailey   | Reached skill level 10 in Poison Magic
  9806 | Bailey   | Reached XP level 13. HP: 97/97 MP: 19/19
 10131 | D:10     | Reached skill level 10 in Staves
 10275 | D:10     | Identified the +2 leather armour of Kymoliom {+Blink Int-5
                  | Dex+3 SInv}
 11032 | D:10     | Found a staircase to the Orcish Mines.
 11045 | D:10     | Received a gift from Sif Muna
 11052 | D:10     | Got Sif Muna's Vellum of the Hornet {god gift}
 11060 | D:10     | Learned a level 6 spell: Eringya's Noxious Bog
 11090 | Orc:1    | Entered Level 1 of the Orcish Mines
 11094 | Orc:1    | Noticed an orc warlord
 11138 | Orc:1    | Killed an orc warlord
 11321 | Orc:2    | Entered Level 2 of the Orcish Mines
 11839 | D:8      | Bought the Guide on Putridity for 884 gold pieces
 11843 | D:8      | Learned a level 3 spell: Ignite Poison
 12007 | Orc:2    | Found a staircase to the Elven Halls.
 12363 | Orc:2    | Reached skill level 5 in Dodging
 12369 | Orc:2    | Received a gift from Sif Muna
 12456 | Orc:2    | Found Ulafefec's Armour Shoppe.
 12456 | Orc:2    | Found Caod's Book Boutique.
 12462 | Orc:2    | Got Sif Muna's Precepts of Composition {god gift}
 12468 | Orc:2    | Found Kuihaso's Armour Boutique.
 12468 | Orc:2    | Found Xiqynk's Assorted Antiques.
 12478 | Orc:2    | Bought a scroll labelled FYDUEQ PETAEF for 33 gold pieces
 12824 | Orc:1    | Reached skill level 5 in Spellcasting
 13064 | Orc:1    | Found Hongex's Self-Improvement Boutique.
 13266 | D:11     | Reached skill level 10 in Transmutations
 13298 | D:11     | Reached XP level 14. HP: 79/109 MP: 15/21
 13414 | D:11     | Found a staircase to the Lair.
 14231 | Lair:1   | Entered Level 1 of the Lair of Beasts
 14259 | Lair:1   | Reached skill level 10 in Fighting
 14558 | Lair:1   | Found a transporter.
 14565 | Lair:1   | Noticed Yha Fil's ghost (journeyman TrCK)
 14574 | Lair:1   | Identified the +0 leather armour "Mixoer" {rElec Will+
                  | rCorr Str+3}
 14906 | Lair:1   | Found a transporter.
 15390 | Lair:2   | Found a staircase to the Shoals.
 15404 | Lair:2   | Noticed Maggie
 15412 | Lair:2   | Killed Maggie
 15629 | Lair:2   | Received a gift from Sif Muna
 15630 | Lair:2   | Got Sif Muna's Compendium of Pneumatic Calling {god gift}
 16409 | Lair:3   | Reached skill level 1 in Ice Magic
 16574 | Lair:3   | Found a hide-covered altar of Uskayaw.
 16601 | Lair:3   | Reached skill level 2 in Ice Magic
 16931 | Lair:3   | Reached skill level 3 in Ice Magic
 16940 | Lair:3   | Found the -2 hat of the Alchemist {rElec rPois rF+ rC+ rN+
                  | Will+ rMut rCorr}
 17081 | Lair:3   | Found a hole to the Spider Nest.
 17662 | Lair:4   | Reached skill level 4 in Ice Magic
 17994 | Lair:4   | Noticed Josephine
 18005 | Lair:4   | Reached XP level 15. HP: 99/119 MP: 10/24
 18008 | Lair:4   | Killed Josephine
 18077 | Lair:4   | Found a staircase to the Slime Pits.
 18203 | Lair:4   | Received a gift from Sif Muna
 18204 | Lair:4   | Reached skill level 5 in Ice Magic
 18917 | Lair:4   | Learned a level 5 spell: Yara's Violent Unravelling
 18990 | Lair:5   | Entered Level 5 of the Lair of Beasts
 19101 | Lair:5   | Reached skill level 1 in Hexes
 19420 | Lair:5   | Reached skill level 10 in Dodging
 19591 | Lair:5   | Reached skill level 6 in Ice Magic
 19984 | Lair:5   | Reached skill level 5 in Hexes
 20898 | Lair:5   | Received a gift from Sif Muna
 20899 | Lair:5   | Got Sif Muna's Compilation of the Puissant Comitatus {god
                  | gift}
 20972 | Lair:5   | Reached skill level 7 in Ice Magic
 22283 | D:12     | Got the Quarto of the Flinty Switch
 23039 | D:13     | Found a portal to a secret trove of treasure.
 23328 | D:13     | Reached XP level 16. HP: 66/128 MP: 25/25
 23739 | D:13     | Received a gift from Sif Muna
 23740 | D:13     | Got Giulot's Parchment of the Dark Entourage {god gift}
 23998 | D:14     | Found a gate to the Vaults.
 24019 | D:14     | Reached skill level 8 in Ice Magic
 24052 | D:14     | Found a gate leading to a gauntlet.
 24060 | Gauntlet | Entered a Gauntlet
 24060 | Gauntlet | Found a transporter.
 24120 | Gauntlet | Found a transporter.
 24121 | Gauntlet | Found a transporter.
 24124 | Gauntlet | Found a transporter.
 24125 | Gauntlet | Found a transporter.
 24126 | Gauntlet | Found a transporter.
 24141 | Gauntlet | Found a transporter.
 24142 | Gauntlet | Found a transporter.
 24154 | Gauntlet | Found a transporter.
 24171 | Gauntlet | Found a transporter.
 24175 | Gauntlet | Found a transporter.
 24186 | Gauntlet | Found a transporter.
 24331 | Gauntlet | Identified the +0 pair of gloves "Humifug" {rF+ rC+}
 24349 | Gauntlet | Paralysed by you for 4 turns
 24525 | Gauntlet | Identified the +4 rapier "Tucsod" {drain, rElec rF++ rN++
                  | Dex-4}
 24525 | Gauntlet | Identified the +10 broad axe of Evirgh {drain, Dex+3}
 24526 | Gauntlet | Got Sagrol's Handbook of Nival Black Mysteries
 25369 | D:15     | Entered Level 15 of the Dungeon
 25522 | D:15     | Found a staircase to the Depths.
 25590 | D:15     | Reached skill level 5 in Armour
 25969 | D:15     | Learned a level 5 spell: Irradiate
 26375 | D:15     | Reached skill level 1 in Conjurations
 26696 | Spider:1 | Entered Level 1 of the Spider Nest
 26786 | Spider:1 | Identified the +1 flail of the Brain {protect, rElec rPois
                  | rC- Str+3}
 26812 | Spider:1 | Reached skill level 9 in Ice Magic
 27062 | Spider:1 | Received a gift from Sif Muna
 27803 | Spider:2 | Found a runed translucent door.
 27803 | Spider:2 | Noticed Fogaerej's ghost (adept AtBe)
 28371 | Spider:3 | Identified the +3 leather armour of Unambiguity {rPois
                  | Dex+4}
 28430 | Spider:3 | Noticed Jorgrun
 28515 | Spider:3 | Noticed Bai Suzhen
 28520 | Spider:3 | Killed Jorgrun
 28695 | Spider:3 | Killed Bai Suzhen
 28696 | Spider:3 | Reached skill level 10 in Ice Magic
 28696 | Spider:3 | Reached XP level 17. HP: 57/134 MP: 4/27
 29197 | Spider:3 | Noticed Louise
 29203 | Spider:3 | Killed Louise
 29249 | Spider:3 | Acquired 558 gold pieces
 29576 | Orc:2    | Bought a scroll of acquirement for 1716 gold pieces
 29576 | Orc:2    | Acquired a staff of cold
 29912 | Spider:3 | Received a gift from Sif Muna
 30549 | Spider:4 | Entered Level 4 of the Spider Nest
 30785 | Spider:4 | Reached skill level 5 in Conjurations
 30789 | Spider:4 | Reached skill level 11 in Ice Magic
 31507 | Spider:4 | Received a gift from Sif Muna
 31510 | Spider:4 | Got Sif Muna's Incunable of the Polar Wyrd {god gift}
 32339 | Spider:4 | Reached skill level 12 in Ice Magic
 32743 | Spider:4 | Got a gossamer rune of Zot
 32958 | Shoals:1 | Entered Level 1 of the Shoals
 33480 | Shoals:1 | Found Mihaunargha's Merry Market.
 33650 | Shoals:1 | Found a runed translucent gate.
 33650 | Shoals:1 | Found a runed translucent gate.
 33650 | Shoals:1 | Found a runed translucent gate.
 33965 | Shoals:2 | Found Ahysioh's Assorted Antiques.
 34048 | Shoals:2 | Bought 2 potions of brilliance for 216 gold pieces
 34744 | Shoals:2 | You fall into a shaft and drop 1 floor!
 35221 | Shoals:3 | Reached skill level 13 in Ice Magic
 35238 | Shoals:3 | Received a gift from Sif Muna
 35240 | Shoals:3 | Got Sif Muna's Anthology of Metamorphic Forces {god gift}
 35472 | Shoals:3 | Reached XP level 18. HP: 139/144 MP: 28/28
 35645 | Shoals:3 | Noticed Polyphemus
 35665 | Shoals:3 | Killed Polyphemus
 36689 | Orc:2    | Bought the Unrestrained Analects for 528 gold pieces
 36702 | Orc:2    | Learned a level 7 spell: Ozocubu's Refrigeration
 36909 | Shoals:4 | Entered Level 4 of the Shoals
 37262 | Shoals:4 | Reached skill level 14 in Ice Magic
 37842 | Shoals:4 | Found the +3 warlock's mirror {omnireflect}
 38068 | Shoals:4 | Noticed Mara
 38076 | Shoals:4 | Noticed freelancePsychic's illusion
 38081 | Shoals:4 | Killed Mara
 38082 | Shoals:4 | Reached skill level 1 in Shields
 38104 | Shoals:4 | Gained mutation: You are frail. (-10% HP) [mutagenic glow]
 38745 | Shoals:4 | Got a barnacled rune of Zot
 38799 | Shoals:4 | Identified the ring "Wojeur" {rPois rC+ SInv}
 38964 | Shoals:4 | Received a gift from Sif Muna
 39025 | Shoals:4 | Got Sif Muna's Opusculum on Luminous Poisoning {god gift}
 39770 | Elf:1    | Entered Level 1 of the Elven Halls
 39959 | Elf:1    | Found Toth's Weapon Emporium.
 39962 | Elf:1    | Found Ocixtuas's General Store.
 39990 | Elf:1    | Found Eshruddu's Weapon Shop.
 39994 | Elf:1    | Reached skill level 15 in Ice Magic
 40549 | Elf:1    | Found Ytrot's Weapon Shop.
 40560 | Elf:1    | Noticed Donald
 40574 | Elf:1    | Killed Donald
 40575 | Elf:1    | Reached skill level 5 in Shields
 40827 | Elf:1    | Found Laonos's Book Boutique.
 40828 | Elf:1    | Found Ucocwopo's Jewellery Shoppe.
 40872 | Elf:1    | Found Ciur's Book Boutique.
 40901 | Elf:1    | Noticed Aizul
 40911 | Elf:1    | Killed Aizul
 41568 | Elf:1    | Got Iteraargh's Folio of Conjuration
 41766 | Elf:1    | Found Ocixtuas's General Store.
 41770 | Elf:1    | Found Eshruddu's Weapon Shop.
 41890 | Elf:1    | Found Ytrot's Weapon Shop.
 42159 | Elf:1    | Found Laonos's Book Boutique.
 42160 | Elf:1    | Found Ucocwopo's Jewellery Shoppe.
 42162 | Elf:1    | Found Ciur's Book Boutique.
 42499 | Elf:2    | Reached XP level 19. HP: 137/137 MP: 14/29
 42670 | Elf:2    | Identified the +5 ring mail of the Moon Troll {Rampage
                  | *Slow Dex+3}
 42910 | Elf:2    | Found Folec's Assorted Antiques.
 43726 | Elf:2    | Reached skill level 15 in Fighting
 43968 | Elf:2    | Found a huge runed translucent gate.
 43970 | Elf:2    | Found a huge runed translucent gate.
 43975 | Elf:2    | Found a huge runed translucent gate.
 43976 | Elf:2    | Found a huge runed translucent gate.
 43976 | Elf:2    | Found a huge runed translucent gate.
 44015 | Elf:3    | Entered Level 3 of the Elven Halls
 44015 | Elf:3    | Found a transporter.
 44048 | Elf:3    | Found a transporter.
 44201 | Elf:3    | Found a transporter.
 44248 | Elf:3    | Found a transporter.
 44275 | Elf:3    | Received a gift from Sif Muna
 44278 | Elf:3    | Got Sif Muna's Folio of the Fault and Battle Magic {god
                  | gift}
 44440 | Elf:3    | Identified the +1 robe of Going Fast {rC+}
 44440 | Elf:3    | Identified the ring "Davilih" {rC+ Int+6 Dex+5}
 44793 | Elf:3    | Reached skill level 16 in Ice Magic
 44803 | Elf:3    | Identified the +1 plate armour of Sin {rElec Str+2}
 44816 | Elf:3    | Reached skill level 1 in Polearms
 45042 | Elf:3    | Got the Tome of the Atmosphere and Distance
 45051 | Elf:3    | Found the +1 cloak of Starlight {*Dazzle EV+4 Stlth--}
 45483 | Elf:3    | Identified the +6 rapier of Lik Lyfa {pain, Str+4 Int+2}
 45488 | Elf:3    | Found a transporter.
 45520 | Elf:3    | Found a transporter.
 45539 | Elf:3    | Paralysed by an air elemental for 1 turns
 45683 | Elf:3    | Paralysed by an air elemental for 1 turns
 45837 | Elf:1    | Bought a +2 demon trident of electrocution for 742 gold
                  | pieces
 46023 | D:13     | You paid a toll of a +5 demon trident to enter a treasure
                  | trove
 46024 | Trove    | Entered a treasure trove
 46028 | Trove    | Identified the +0 pair of gloves "Nedeh" {rC+ Str+5 SInv}
 46059 | Trove    | Found the +7 sceptre of Torment {pain, torment}
 46064 | Trove    | Identified the +8 great mace of the Bursted God {spect, rF+
                  | Str+6 Stlth+}
 46162 | Vaults:1 | Entered Level 1 of the Vaults
 46247 | Vaults:1 | Reached skill level 5 in Polearms
 46790 | Vaults:1 | Noticed Saint Roka
 46800 | Vaults:1 | Received a gift from Sif Muna
 46800 | Vaults:1 | Killed Saint Roka
 46801 | Vaults:1 | Reached XP level 20. HP: 67/145 MP: 7/32
 48152 | Vaults:2 | Found Heanuph's General Store.
 48185 | Vaults:2 | Reached skill level 17 in Ice Magic
 48358 | Vaults:2 | Received a gift from Sif Muna
 48855 | Vaults:2 | Reached skill level 15 in Dodging
 49250 | Vaults:2 | Found Syppabo's Book Boutique.
 49520 | Vaults:2 | Reached skill level 18 in Ice Magic
 49627 | Vaults:2 | Got Sif Muna's Quarto of the Jaunt and Impulse {god gift}
 50504 | Vaults:3 | Reached XP level 21. HP: 138/151 MP: 14/33
 50581 | Vaults:3 | Received a gift from Sif Muna
 50682 | Vaults:3 | Noticed Frederick
 50683 | Vaults:3 | Noticed Asterion
 50691 | Vaults:3 | Killed Asterion
 50691 | Vaults:3 | Killed Frederick
 50706 | Vaults:3 | Found the +10 morningstar "Eos" {elec, Halo rElec}
 50720 | Vaults:3 | Found a staircase to the Crypt.
 50748 | Crypt:1  | Entered Level 1 of the Crypt
 50818 | Vaults:3 | Noticed Xtahua
 50879 | Crypt:1  | Reached skill level 19 in Ice Magic
 50918 | Vaults:3 | Killed Xtahua
 51325 | Vaults:3 | Noticed Mennas
 51515 | Vaults:2 | Lost mutation: You are frail. (-10% HP) [potion of
                  | mutation]
 51515 | Vaults:2 | Gained mutation: You have large cloven feet. [potion of
                  | mutation]
 51515 | Vaults:2 | Gained mutation: Your spells are a little harder to cast,
                  | but a little more powerful. [potion of mutation]
 52099 | Vaults:4 | Received a gift from Sif Muna
 52129 | Vaults:4 | Got Sif Muna's Compendium of Altered Curses {god gift}
 52789 | Vaults:4 | Identified the +0 short sword of Zuanid {protect, rF+ MP+9
                  | Str+3}
 53544 | Vaults:4 | Reached skill level 20 in Ice Magic
 54135 | Depths:1 | Entered Level 1 of the Depths
 54153 | Depths:1 | Upgraded the game from 0.30-a0-862-g1aabd4f9c5 to
                  | 0.30-a0-867-g305f33218d
 54499 | Depths:1 | Found a gateway to Hell.
 54635 | Depths:1 | Found a one-way gate to the infinite horrors of the Abyss.
 54749 | Depths:1 | Reached XP level 22. HP: 128/179 MP: 28/35
 54980 | Depths:1 | Found the +3 salamander hide armour {Flames, rFlCloud rF++
                  | rC--}
 55178 | Depths:1 | Received a gift from Sif Muna
 55179 | Depths:1 | Got Sif Muna's Fundamentals of Hermeneutics {god gift}
 55647 | Depths:2 | Found Ozaifies's General Store.
 55693 | Depths:2 | Bought a scroll of teleportation for 48 gold pieces
 55900 | Depths:2 | Reached skill level 21 in Ice Magic
 56237 | Depths:2 | Identified the +3 leather armour "Reyjote" {rN+}
 56247 | Depths:2 | Found a one-way gate leading to the halls of Pandemonium.
 56251 | Depths:2 | Gained mutation: You are weak. (Str -2) [a cacodemon]
 57015 | Depths:2 | Noticed a golden dragon
 57043 | Depths:2 | Killed a golden dragon
 57081 | Depths:2 | Noticed a juggernaut
 57416 | Depths:3 | Noticed a juggernaut
 58029 | Crypt:1  | Found a runed door.
 58558 | Crypt:1  | Reached ****** piety under Sif Muna
 59028 | Crypt:2  | Received a gift from Sif Muna
 59029 | Crypt:2  | Got Sif Muna's Almanac of the Union {god gift}
 59040 | Crypt:2  | Reached skill level 22 in Ice Magic
 59919 | Crypt:2  | Noticed Jory
 59935 | Crypt:2  | Killed Jory
 60029 | Crypt:3  | Entered Level 3 of the Crypt
 60053 | Crypt:3  | Learned a level 9 spell: Polar Vortex
 60691 | Crypt:3  | Reached XP level 23. HP: 127/181 MP: 30/36
 60699 | Crypt:3  | Received a gift from Sif Muna
 60872 | Crypt:3  | Got Sif Muna's Parchment of the Volley and Chilblains {god
                  | gift}
 60913 | Crypt:3  | Found a staircase to the Tomb.
 61191 | Crypt:3  | Reached skill level 23 in Ice Magic
 61217 | Crypt:3  | Noticed an ancient lich
 61228 | Crypt:3  | Killed an ancient lich
 61813 | Crypt:3  | Acquired the amulet "Roxty" {Reflect +Inv Regen+ rCorr
                  | Dex-2 SH+5}
 62557 | Lair:1   | Killed Yha Fil's ghost
 63024 | Hell     | Entered the Vestibule of Hell
 63024 | Hell     | Noticed Geryon
 63025 | Hell     | Received a gift from Sif Muna
 63188 | Hell     | Killed Geryon
 63251 | Hell     | Reached skill level 24 in Ice Magic
 63449 | Hell     | Got Sif Muna's Omnibus of the Mind {god gift}
 63489 | Hell     | Found a gateway to the Iron City of Dis.
 63533 | Hell     | Found a gateway to the ashen valley of Gehenna.
 63624 | Hell     | Found a gateway to the decaying netherworld of Tartarus.
 63698 | Hell     | Received a gift from Sif Muna
 63699 | Hell     | Got Sif Muna's Everyday Spellcraft {god gift}
 63704 | Hell     | Found a gateway to the freezing wastes of Cocytus.
 63957 | Depths:2 | Killed a juggernaut
 64267 | Depths:3 | Found a one-way gateway to a ziggurat.
 64290 | Depths:3 | Reached XP level 24. HP: 182/201 MP: 28/36
 64398 | Depths:3 | Reached skill level 25 in Ice Magic
 64482 | Depths:3 | Found a corrupted altar of Lugonu.
 64739 | Depths:3 | Found a blossoming altar of Fedhas.
 64940 | Depths:4 | Entered Level 4 of the Depths
 65303 | Depths:4 | Acquired 404 gold pieces
 65305 | Depths:4 | Acquired a manual of Translocations
 65307 | Depths:4 | Acquired 926 gold pieces
 65453 | Depths:4 | Received a gift from Sif Muna
 65752 | Depths:4 | Found a gate to the Realm of Zot.
 65865 | Depths:4 | Reached skill level 26 in Ice Magic
 66059 | Depths:4 | Got Sif Muna's Volume of Clouds {god gift}
 66615 | Slime:1  | Entered Level 1 of the Pits of Slime
 66647 | Slime:2  | Noticed Dissolution
 66667 | Slime:2  | Killed Dissolution
 67197 | Slime:4  | Received a gift from Sif Muna
 67311 | Slime:5  | Entered Level 5 of the Pits of Slime
 67463 | Slime:5  | Reached skill level 27 in Ice Magic
 67621 | Slime:5  | Reached XP level 25. HP: 210/210 MP: 13/36
 67650 | Slime:5  | Noticed the Royal Jelly
 67656 | Slime:5  | Killed the Royal Jelly
 67826 | Slime:5  | Identified the +1 pair of boots of Bitterness {rPois Dex+3}
 67895 | Slime:5  | Identified the ring of Werheic {rF+ rN++ rCorr MP-9 Stlth+}
 67906 | Slime:5  | Got a slimy rune of Zot
 67954 | Slime:5  | Identified the +0 demon trident of Chance {elec, rC+}
 68025 | Slime:5  | Identified the +1 scale mail of the Plum {Fly Will+ Str-4}
 68066 | Slime:5  | Identified the +7 spear of Disarray {flame, rF+ rCorr Int+3
                  | Dex+4}
 68502 | Zot:1    | Entered Level 1 of the Realm of Zot
 68597 | Zot:1    | Received a gift from Sif Muna
 68598 | Zot:1    | Got Sif Muna's Opusculum on Injury {god gift}
 68718 | Zot:4    | Reached skill level 10 in Shields
 69225 | Zot:5    | Entered Level 5 of the Realm of Zot
 69793 | Zot:5    | Noticed a dread lich
 69793 | Zot:5    | Noticed an ancient lich
 69802 | Zot:5    | Killed an ancient lich
 69803 | Zot:5    | Killed a dread lich
 69820 | Zot:5    | Noticed an orb of fire
 69820 | Zot:5    | Noticed an orb of fire
 69820 | Zot:5    | Noticed a dread lich
 69820 | Zot:5    | Noticed a Killer Klown
 69820 | Zot:5    | Noticed an orb of fire
 69821 | Zot:5    | Noticed a dread lich
 69826 | Zot:5    | Killed an orb of fire
 69828 | Zot:5    | Killed a Killer Klown
 69832 | Zot:5    | Killed an orb of fire
 69843 | Zot:5    | Killed an orb of fire
 69844 | Zot:5    | Killed a dread lich
 69845 | Zot:5    | Killed a dread lich
 69845 | Zot:5    | Received a gift from Sif Muna
 69846 | Zot:5    | Got Sif Muna's Advanced Spellweaving {god gift}
 70052 | Zot:5    | Reached XP level 26. HP: 220/220 MP: 21/36
 70413 | Zot:5    | Noticed an orb of fire
 70414 | Zot:5    | Noticed an orb of fire
 70417 | Zot:5    | Noticed an orb of fire
 70419 | Zot:5    | Gained mutation: You are vulnerable to cold. (rC-) [an orb
                  | of fire]
 70429 | Zot:5    | Killed an orb of fire
 70430 | Zot:5    | Killed an orb of fire
 70436 | Zot:5    | Killed an orb of fire
 70450 | Zot:5    | Noticed an ancient lich
 70545 | Zot:5    | Killed an ancient lich
 71208 | Zot:5    | Got the Orb of Zot
 71672 | D:12     | Noticed Sigiaj the pandemonium lord
 71677 | D:12     | Killed Sigiaj the pandemonium lord
 71795 | D:8      | Noticed Cepnas the pandemonium lord
 71901 | D:$      | Escaped with the Orb!

Illustrated notes

Levels and vault maps discovered:
D:1:      dpeg_arrival_shelter, layout_basic, grunt_decor_cap, chequers_avenue
D:2:      layout_basic, amethyst_killhole
D:3:      layout_basic, grunt_temple_overflow_diamond,
          nicolae_vehumet_altar_sigil, nicolae_ru_sacrificial_ziggurat
D:4:      layout_cave_pools, bloody_makhleb
D:5:      layout_basic, mainiacjoe_overflow_tiny_flanked
D:6:      layout_loops_ring, minmay_temple_entry_mini_moons
D:7:      lemuel_castle_with_subvaults [lemuel_castle_interior_carwin_1],
          layout_cave_pools, uniq_menkaure, uniq_pikel
D:8:      layout_rooms, st_stairs_9, nicolae_shop_i_like_big_books
D:9:      kennysheep_blocky_room, layout_stronghold
D:10:     layout_basic, tso_metal_star, erik_orc_1,
          lightli_bailey_entry_fortress, minmay_quadrilaterals
D:11:     layout_basic, lair_entry_dummy
D:12:     layout_cave_pods
D:13:     layout_loops_corners, nicolae_trove_entry_crossroad
D:14:     layout_long_grid, erik_vaults_2, gauntlet_entry_generic,
          grunt_decor_junction, dk_noncrumbling_4
D:15:     grunt_enter_depths_giant_problem, layout_basic,
          nicolae_twisting_strands
Lair:1:   layout_layer_cave, gammafunk_ghost_arena
Lair:2:   layout_loops_ring, minmay_shoals_entry_lonely_mermaid, uniq_maggie
Lair:3:   layout_roguey, nicolae_spider_entry_tight_spaces, basic_altar, pond,
          grunt_megastairs_4
Lair:4:   layout_small_grid, minmay_slime_entry_oklob_open, lemuel_fruit_fields,
          grunt_megastairs_5, lemuel_fruit_fields, uniq_josephine
Lair:5:   hangedman_lair_caniforms_friends, layout_long_grid,
          hangedman_lair_tendril_chambers, minmay_lair_drake_nest,
          serial_bayou_shore_b, serial_bayou_shore_b, lemuel_fruit_tree
Shoals:1: layout_shoals, nicolae_alphabet_shops, nicolae_shoals_beach_cooler
Shoals:2: layout_shoals, serial_shops, nicolae_shop_trees
Shoals:3: layout_shoals, st_cyclops, uniq_polyphemus
Shoals:4: shoals_end_simple, layout_shoals, uniq_mara
Spider:1: layout_spider_delve, drop_trap, nicolae_spider_checkerboard
Spider:2: layout_spider_delve, hellmonk_ghost_happy_afterlife,
          nicolae_spider_not_touching_you
Spider:3: layout_spider_delve, hellmonk_spider_spawner, uniq_louise,
          uniq_jorgrun, uniq_bai_suzhen
Spider:4: spider_rune_water, drop_trap, nicolae_spider_bug_shape
Slime:1:  layout_caves, nicolae_slime_ancient_tower_intersection
Slime:2:  layout_caves, uniq_dissolution
Slime:3:  layout_caves
Slime:4:  layout_caves, nicolae_slime_round_cave
Slime:5
Orc:1:    layout_caves, nicolae_shop_self_help
Orc:2:    grunt_orc_tribal_feast, layout_diamond_mine
Elf:1:    layout_loops_cross, serial_shops, nicolae_shop_stone,
          nicolae_shop_temple_entry_statues_fountains, shop, shop_statue,
          minmay_elf_annihilation, hangedman_glass_teeth, minmay_shop_grove,
          uniq_aizul, uniq_donald
Elf:2:    elven_hall_of_blades_hangedman_alternative
          [nicolae_vaults_blade_armed_guards], layout_gridlike, serial_shops,
          nicolae_shop_overgrown_old_shop, minivault_11,
          minmay_misc_feat_columns
Elf:3:    grunt_elf_hall_spiral, layout_geoelf_diagonals, serial_nicolae_subway,
          nicolae_sub_station_stone, nicolae_sub_station_crystal,
          nicolae_sub_station_metal
Vaults:1: hangedman_vaults_hat, grunt_vaults_diagonal, vaults_room_fours,
          hangedman_vaults_nodes, nicolae_vaults_minivaults,
          nicolae_vaults_stairing_the_circle, v_misc_30,
          ontoclasm_vaults_decontamination, v_misc_12, v_misc_24,
          vaults_room_hallway, ontoclasm_vaults_fault,
          ontoclasm_vaults_shuriken, layout_vaults_maze, uniq_saint_roka
Vaults:2: nicolae_vaults_asterisk, v_rooms_4, grunt_vaults_focal,
          hangedman_vaults_slice, v_misc_26, vaults_mumra_minichess_inversion,
          grunt_vaults_funnel, nicolae_vaults_network_star,
          vaults_room_hangedman_quadrants, vaults_dpeg_ring,
          ontoclasm_vaults_gateway, layout_vaults_big_room, serial_shops, shop,
          nicolae_shop_behind_doors
Vaults:3: nicolae_vaults_little_squares_1, nicolae_vaults_little_squares_2,
          nicolae_vaults_circle_grid_b, hangedman_vaults_snaps, sword_in_stone,
          v_misc_18, minmay_crypt_entry_simple_corners, vaults_room_fancy_cross,
          vaults_mumra_lcd, v_misc_13, dpeg_vaults_monster_box, v_misc_17,
          v_misc_2, vaults_room_corners, layout_vaults_omnicross, uniq_mennas,
          uniq_xtahua
Vaults:4: nicolae_vaults_asterisk, nicolae_vaults_asterisk, v_misc_33,
          nicolae_vaults_diagonal_hallway_6, v_pattern_2,
          vaults_standard_mumra_lines, vaults_standard_mumra_x,
          nicolae_vaults_three_branches, nicolae_vaults_twisting_passages,
          layout_vaults_quadrants
Crypt:1:  evilmike_wizard_prison, layout_rooms
Crypt:2:  layout_basic, uniq_jory
Crypt:3:  due_elkab, layout_chaotic_city, tomb_entry_forgotten_bobbens
Depths:1: layout_cave_pools, nicolae_abyss_entry_one_way_or_another, hell_entry,
          serial_bayou_lagoon_a, hellmonk_guarded_unrand_salamander
Depths:2: hangedman_stitches_corridor, layout_gridlike,
          nicolae_concentric_dashed_squares_mild, abyss_entry_glasseish,
          rand_demon_pan_entry_7, hell_entry, minmay_staircase_statues,
          minmay_shop_star
Depths:3: impenetrable_vault, layout_cave_pools, enter_ziggurat_a,
          hangedman_coc_ice_floe, fedhas_altar_4, abyss_entry_flame_altar,
          infiniplex_staircase_zigzag_5
Depths:4: grunt_zot_entry_tricorne, layout_cave_shapes, pf_hell_entry_tar_river,
          nrook_mini_backslash, serial_bayou_shore_a
Hell
Zot:1:    lemuel_halls_of_wrath, layout_basic, grunt_megastairs_1
Zot:2:    layout_basic
Zot:3:    layout_gridlike, st_small_dragon_hoard_4, uniq_vv
Zot:4:    layout_onion_interference, grunt_megastairs_2
Zot:5:    layout_gridlike

Skill      XL: |  1  2  3  4  5  6  7  8  9 10 11 12 13 14 15 16 17 18 19 20 21 22 23 24 25 26 |
---------------+-------------------------------------------------------------------------------+-----
Air Magic      | 1 |  1.3
Poison Magic   | 1 2 3 6 8 9 10 11 | 11.0
Fighting       | 2 3 4 5 7 8 9 11 12 13 14 15 16 17 19 20 21 | 21.7
Short Blades   | 1 |  1.4
Staves         | 2 4 6 8 9 10 | 10.0
Stealth        | 8 9 |  9.0
Invocations    | 4 6 7 8 9 |  9.0
Spellcasting   | 3 4 5 6 7 8 9 |  9.6
Transmutations | 4 7 10 12 | 12.0
Dodging        | 5 9 11 13 15 16 18 19 | 19.3
Ice Magic      | 4 7 10 13 15 16 18 20 22 24 27 | 27.0
Hexes          | 6 |  6.9
Armour         | 2 7 |  7.5
Conjurations   | 3 6 |  6.0
Shields        | 5 13 | 13.8
Polearms       | 7 9 |  9.9
Unarmed Combat | |  1.6
Evocations     | |  2.6

Action                     |  1- 3 |  4- 6 |  7- 9 | 10-12 | 13-15 | 16-18 | 19-21 | 22-24 | 25-27 || total
---------------------------+-------+-------+-------+-------+-------+-------+-------+-------+-------++-------
  Melee: Unarmed           |    29 |       |       |       |       |       |       |       |       ||    29
         Bite              |    15 |    12 |    24 |    12 |   127 |    75 |   350 |   382 |    80 ||  1077
         Punch             |     2 |       |       |       |       |       |       |       |       ||     2
         Dagger            |    69 |    53 |       |       |       |       |       |       |       ||   122
         Lajatang          |       |    55 |   197 |   184 |   750 |   476 |       |       |       ||  1662
         Staff             |       |       |       |       |       |    53 |    33 |       |       ||    86
         Lance             |       |       |       |       |       |       |  1674 |  2036 |   519 ||  4229
  Throw: Dart              |     6 |    18 |    19 |     2 |       |       |       |       |       ||    45
   Cast: Poisonous Vapours |     1 |       |     5 |       |       |       |       |       |       ||     6
         Olgreb's Toxic Ra |       |       |    15 |    54 |    79 |   138 |    37 |       |       ||   323
         Ignite Poison     |       |       |       |       |    67 |   130 |    62 |     1 |       ||   260
         Eringya's Noxious |       |       |       |       |    50 |    65 |    51 |     1 |       ||   167
         Irradiate         |       |       |       |       |       |    56 |    77 |    68 |    13 ||   214
         Ozocubu's Refrige |       |       |       |       |       |    57 |    65 |    31 |    11 ||   164
         Polar Vortex      |       |       |       |       |       |       |       |    40 |    20 ||    60
         Dragon's Call     |       |       |       |       |       |       |       |     1 |       ||     1
 Invoke: Channel Magic     |       |       |       |       |     2 |    11 |     9 |     5 |     1 ||    28
         Divine Exegesis   |       |       |       |       |       |       |       |     1 |       ||     1
  Evoke: Wand              |     4 |       |       |     2 |     3 |       |     1 |     1 |     1 ||    12
         Phial of floods   |       |       |       |       |       |       |       |     2 |       ||     2
    Use: Potion            |     3 |       |       |     9 |     5 |    12 |    17 |     9 |    15 ||    70
         Scroll            |     2 |     9 |     7 |    11 |    12 |    15 |    17 |    10 |     5 ||    88
   Stab: Sleeping          |     9 |     7 |       |     9 |    19 |     5 |     6 |     8 |     2 ||    65
         Distracted        |       |       |     1 |       |     1 |       |     6 |     6 |       ||    14
         Paralysed         |       |       |       |     5 |       |       |     4 |       |       ||     9
         Invisible         |       |       |       |       |       |     8 |    59 |    30 |     7 ||   104
 Armour: Robe              |     9 |       |       |       |       |       |       |       |       ||     9
         Leather armour    |     7 |    50 |    57 |    71 |   199 |   212 |   197 |   187 |    60 ||  1040
  Dodge: Dodged            |    51 |    91 |   111 |   128 |   796 |   845 |  1128 |   863 |   193 ||  4206
  Block: Buckler           |     2 |     6 |       |       |       |    31 |   577 |   512 |   213 ||  1341
         Reflection        |       |       |       |       |       |    10 |    89 |    35 |    33 ||   167

Table legend: (Time is in decaauts)
 A = Elapsed time spent in this place.
 B = Non-inter-level travel time spent in this place.
 C = Inter-level travel time spent in this place.
 D = Time resting spent in this place.
 E = Time spent auto-exploring this place.
 F = Levels seen in this place.
 G = Mean time per level.
                   A        B        C        D        E       F      G
               +--------+--------+--------+--------+--------+-----+--------+
         Total |  70418 |  63410 |   7008 |   3387 |  47154 |  58 | 1214.1 |
       Dungeon |  18787 |  15962 |   2825 |    599 |  12190 |  15 | 1252.5 |
          Lair |   8121 |   7048 |   1073 |     29 |   5875 |   5 | 1624.2 |
        Shoals |   6642 |   6342 |    300 |      2 |   5332 |   4 | 1660.5 |
   Spider Nest |   5902 |   5448 |    454 |    313 |   4150 |   4 | 1475.5 |
    Slime Pits |   1498 |   1395 |    103 |    388 |    606 |   5 |  299.6 |
  Orcish Mines |   2302 |   1874 |    428 |    139 |   1351 |   2 | 1151.0 |
   Elven Halls |   5593 |   5431 |    162 |      2 |   4715 |   3 | 1864.3 |
        Vaults |   7528 |   6808 |    720 |    414 |   4619 |   4 | 1882.0 |
         Crypt |   4042 |   3862 |    180 |    300 |   2313 |   3 | 1347.3 |
        Depths |   5952 |   5448 |    504 |    543 |   3866 |   4 | 1488.0 |
          Hell |    480 |    463 |     17 |      0 |    259 |   1 |  480.0 |
           Zot |   2693 |   2456 |    237 |    603 |   1321 |   5 |  538.6 |
         Trove |     72 |     72 |      0 |      0 |     35 |   1 |   72.0 |
        Bailey |    322 |    322 |      0 |      0 |    218 |   1 |  322.0 |
      Gauntlet |    478 |    478 |      0 |     53 |    300 |   1 |  478.0 |
               +--------+--------+--------+--------+--------+-----+--------+

Top non-repeatable levels by time:
Shoals:4: 2806 daAuts
Vaults:2: 2461 daAuts
  Lair:5: 2368 daAuts
   Elf:1: 2264 daAuts
Depths:2: 2157 daAuts
Spider:4: 2142 daAuts
     D:7: 2006 daAuts
  Lair:3: 1961 daAuts
Vaults:1: 1930 daAuts
   Zot:5: 1928 daAuts
    D:10: 1921 daAuts
     D:9: 1902 daAuts
Vaults:4: 1778 daAuts
Spider:3: 1773 daAuts
   Elf:3: 1737 daAuts
